 Dungeon Crawl Stone Soup version 0.31-a0-940-gdaa99269f9 (webtiles) character file.

Game seed: 6192333832055365872

25666 Xavori the Covert (level 13, -2/68 HPs)
             Began as a Vine Stalker Chaos Knight on Oct 20, 2023.
             Was a Plaything of Xom.
             Succumbed to Nessos's poison
             ... on level 3 of the Lair of Beasts.
             The game lasted 00:15:54 (14271 turns).

Xavori the Covert (Vine Stalker Chaos Knight)      Turns: 14271, Time: 00:15:54

Health: -2/68      AC: 13    Str: 15    XL:     13   Next: 21%
Magic:  9/28       EV: 15    Int: 10    God:    Xom [...*..]
Gold:   2433       SH:  4    Dex: 19    Spells: 27/27 levels left

rFire   + . .        m - +8 dagger of Analysis {flame, rF+ Stlth+}
rCold   + . .        I - +0 buckler
rNeg    . . .        w - +0 troll leather armour
rPois   .            (no helmet)
rElec   .            u - +2 cloak "Lotyxtou" {Slay+3}
rCorr   .            y - +0 pair of gloves
SInv    +            (no boots)
Will    ++...        s - amulet of regeneration
Stlth   +++++++      g - ring of see invisible
HPRegen 2.71/turn    j - +4 ring of protection
MPRegen 0.21/turn

%: guardian spirit
@: lethally poisoned (-2 -> -14), about to teleport, studying Air Magic
A: fangs 3, regeneration 1, magic shield, antimagic bite, no potion heal 2, cold
resistance 1, dopey 1, high MP 1, strong-willed 1, shaggy fur 1
a: Renounce Religion


You were on level 3 of the Lair of Beasts.
You worshipped Xom.
You were a favourite toy of Xom.
You visited 2 branches of the dungeon, and saw 14 of its levels.
You also visited: Ossuary.

You collected 2876 gold pieces.
You spent 443 gold pieces at shops.

Inventory:

Hand Weapons
 a - a +0 short sword of chaos
 m - the +8 dagger of Analysis (weapon) {flame, rF+ Stlth+}
   (You bought it in a shop on level 4 of the Dungeon)

   rF+:       It protects you from fire.
   Stlth+:    It makes you more stealthy.
Missiles
 D - a throwing net
Armour
 b - a +2 leather armour
 u - the +2 cloak "Lotyxtou" (worn) {Slay+3}
   (You bought it in a shop on level 4 of the Dungeon)

   Slay+3:    It affects your accuracy & damage with ranged weapons and melee
   (+3).
 w - a +0 troll leather armour (worn)
 y - a +0 pair of gloves (worn)
 I - a +0 buckler (worn)
Jewellery
 g - a ring of see invisible (left hand)
 j - a +4 ring of protection (right hand)
 s - an amulet of regeneration (around neck)
Talismans
 E - a serpent talisman
Wands
 G - a wand of roots (11)
Scrolls
 c - 2 scrolls of butterflies
 h - 8 scrolls of teleportation
 i - 4 scrolls of fog
 n - a scroll of blinking
 p - 3 scrolls of enchant weapon {unknown}
 q - 2 scrolls of immolation
 r - 4 scrolls of vulnerability {unknown}
 t - a scroll of noise {unknown}
 v - 2 scrolls of amnesia {unknown}
 C - 4 scrolls of poison
 F - 3 scrolls of fear
 L - a scroll of revelation
Potions
 d - 2 potions of magic {unknown}
 e - 4 potions of mutation
 f - 11 potions of curing
 k - 2 potions of invisibility
 l - a potion of cancellation
 o - 2 potions of enlightenment {unknown}
 x - 5 potions of brilliance {unknown}
 z - 3 potions of resistance {unknown}
 B - 2 potions of might {unknown}
 H - a potion of attraction
 J - 2 potions of berserk rage {unknown}
 K - a potion of degeneration {unknown}


   Skills:
 + Level 8.1 Fighting
 + Level 8.1 Short Blades
 + Level 6.9 Armour
 + Level 6.7 Dodging
 * Level 14.3 Stealth
 + Level 7.8 Spellcasting
 + Level 3.1 Evocations
 + Level 4.5 Shapeshifting


You had 27 spell levels left.
You didn't know any spells.
Your spell library contained the following spells:

 Spells                   Type           Power      Damage    Failure   Level
 Magic Dart               Conj           12%        1d3       28%         1
 Sandblast                Erth           6%         2d5       28%         1
 Sting                    Tmut/Pois      12%        1d3       28%         1
 Cigotuvi's Dreadful Rot  Necr/Pois/Air  6%         N/A       41%         2
 Passwall                 Tmut/Erth      2%         N/A       41%         2
 Poisonous Vapours        Pois/Air       6%         N/A       41%         2
 Searing Ray              Conj           6%         2d4       41%         2
 Sublimation of Blood     Necr           3%         N/A       41%         2
 Gell's Gravitas          Tloc           3%         N/A       65%         3
 Ignite Poison            Fire/Tmut/Pois 3%         N/A       65%         3
 Stone Arrow              Conj/Erth      6%         3d7       65%         3
 Teleport Other           Tloc           3%         N/A       65%         3
 Volatile Blastmotes      Fire/Tloc      6%         2d10      65%         3
 Animate Armour           Summ/Erth      6%         N/A       96%         4
 Brom's Barrelling Bould  Conj/Erth      3%         2d3       96%         4
 Fulminant Prism          Conj/Hex       1%         3d5       96%         4
 Iskenderun's Mystic Bla  Conj/Tloc      3%         2d3       96%         4
 Olgreb's Toxic Radiance  Pois           3%         N/A       96%         4
 Petrify                  Tmut/Erth      3%         N/A       96%         4
 Summon Lightning Spire   Summ/Air       3%         N/A       96%         4
 Freezing Cloud           Conj/Ice/Air   1%         6-21      100%        5
 Irradiate                Conj/Tmut      1%         3d12      100%        5
 Lee's Rapid Deconstruct  Erth           1%         3d4*      100%        5
 Dispersal                Tloc           1%         N/A       100%        6


Dungeon Overview and Level Annotations

Branches:
Dungeon (11/15)            Temple (0/1) D:7            Lair (3/5) D:11
 Shoals (0/4) Lair:3        Snake (0/4) Lair:2          Orc (0/2) D:10
Ossuary (visited)

Altars:
Elyvilon
Fedhas
Hepliaklqana
Nemelex Xobeh
Trog
Uskayaw
Vehumet
Wu Jian
The Shining One

Shops:
D:4 [(   D:11 *

Annotations:
D:2 1 runed translucent door, Crazy Yiuf
D:3 1 runed translucent door, soul19's ghost, amateur DsFi
D:6 2 runed translucent doors, Fodor's ghost, novice MiFi
D:7 exclusion: statue
Lair:3 Nessos; Sonja


Innate Abilities, Weirdness & Mutations

You have razor-sharp teeth.
Your natural rate of healing is unusually fast.
When hurt, damage is shared between your health and your magic reserves.
Your bite disrupts and absorbs the magic of your enemies.
Potions cannot restore your health.
Your flesh is cold resistant. (rC+)
You are dopey. (Int -2)
You have an increased reservoir of magic. (+10% MP)
You are strong-willed. (Will+)
You are covered in fur. (AC +1)


Message History

You kill the cane toad!
You pick up a book of Iron and begin reading...
You add the spells Summon Lightning Spire, Animate Armour and Lee's Rapid Deconstruction to your library.
Nessos is nearby!
Aiming: Fastroot
Press: ? - help, Shift-Dir - straight line The roots erupt in riotous growth!
Nessos shouts!
Roots grab Nessos.
The grasping roots constrict Nessos.
You hear a shout!
Nessos shoots an arrow.
The arrow hits you! The arrow burns you.
You are poisoned.
The grasping roots constrict Nessos, but do no damage.
You feel very sick.
The roots release their grip on Nessos.
Nessos mumbles some strange words.
Nessos seems to speed up.
Nessos shoots an arrow.
The arrow hits you!
You are more poisoned.
You feel extremely sick.
Nessos shoots an arrow.
The arrow hits you!! The arrow burns you.
You are more poisoned.
Nessos shoots an arrow.
The arrow hits you!
* * * LOW HITPOINT WARNING * * *
The arrow burns you.
You are lethally poisoned!
* * * LOW HITPOINT WARNING * * *
Unknown command.
Blink to where?
Press: ? - help, Dir - move target
As you read the scroll of blinking, it crumbles to dust.
* * * LOW HITPOINT WARNING * * *
You feel extremely sick.
Okay, then.
* * * LOW HITPOINT WARNING * * *
You feel extremely sick.
As you read the scroll of teleportation, it crumbles to dust.
You feel strangely unstable.
You die...
Xom chortles!

#...................
#...ยง.............<.
##..................
#P.................
##.#...............
#...#...........PP.
##.####.......#...##
##..## ###....#.#####
#...@# ######## #
#....### # ##......##
# ##........#
#.......###
#.......P# ##.....###
##....# ### #.....#
##.#


There were no monsters in sight!

Vanquished Creatures
  Gastronok (Lair:3)
  2 hydras
  Erica (D:9)
  A death yak (Lair:2)
  The ghost of Stellion the Grappler, a novice DrSh of Okawaru (D:7)
  Pikel (D:7)
  A cyclops (D:11)
  A moth of wrath (Lair:3)
  Joseph (D:7)
  A merfolk siren (Lair:3)
  2 black mambas
  8 cane toads
  A torpor snail (Lair:2)
  A kobold demonologist (D:8)
  A tengu conjurer (D:10)
  5 komodo dragons
  2 unseen horror zombies (D:9)
  2 trolls
  A hornet (D:11)
  Grinder (D:3)
  2 polar bears
  A dream sheep (D:11)
  3 slime creatures (D:5)
  A shadow (D:9)
  22 yaks
  5 wyverns
  2 wraiths
  7 basilisks
  3 steam dragons
  Menkaure (D:4)
  3 nagas (Lair:2)
  An acid dragon (D:9)
  6 water moccasins
  A black bear (Lair:2)
  5 orc warriors
  4 ice beasts
  3 ogres
  2 phantoms
  8 centaurs
  A lemure (D:7)
  5 kobold brigands
  12 bullfrogs
  2 scorpions (D:4)
  5 wights (D:9)
  3 killer bees (D:9)
  An electric eel (Lair:3)
  A howler monkey (D:9)
  3 centaur zombies
  A human zombie (Ossuary)
  6 jellies
  10 orc priests
  4 hounds
  4 gnoll boudas
  6 iguanas
  A sleepcap (D:8)
  9 orc wizards
  A killer bee zombie (D:9)
  2 mummies (Ossuary)
  4 adders
  21 gnolls
  3 white imps
  4 ufetubi
  2 adder zombies (Ossuary)
  2 worms
  A dart slug (D:1)
  35 orcs
  4 bats
  11 endoplasms
  2 giant cockroaches (D:2)
  9 goblins
  10 hobgoblins
  4 jackals
  5 quokkas
  5 ball pythons
  2 frilled lizards (D:2)
  2 goblin zombies (Ossuary)
  9 hobgoblin zombies (Ossuary)
  16 kobolds
  9 kobold zombies (Ossuary)
  10 orc zombies (Ossuary)
  5 rats
  2 rat zombies (Ossuary)
369 creatures vanquished.

Vanquished Creatures (collateral kills)
  A kobold demonologist (D:8)
  A jelly (D:5)
  An orc (D:8)
3 creatures vanquished.

Vanquished Creatures (others)
  A butterfly (D:5)
1 creature vanquished.

Grand Total: 373 creatures vanquished

Notes
Turn   | Place    | Note
-------+----------+-------------------------------------------
     0 | D:1      | Xavori the Vine Stalker Chaos Knight began the quest for
                  | the Orb.
     0 | D:1      | Reached XP level 1. HP: 11/11 MP: 2/2
    99 | D:1      | Reached skill level 1 in Dodging
   112 | D:1      | XOM: silly message
   131 | D:1      | XOM: potion effect (invisibility)
   133 | D:1      | Reached XP level 2. HP: 16/16 MP: 3/3
   199 | D:1      | XOM: silly message
   206 | D:1      | XOM: give mutations
   206 | D:1      | Gained mutation: You are partially covered in iridescent
                  | scales. (AC +2) [Xom's mischief]
   206 | D:1      | Gained mutation: Your magical capacity is low. (-10% MP)
                  | [Xom's mischief]
   206 | D:1      | Gained mutation: You are occasionally teleported next to
                  | monsters. [Xom's mischief]
   206 | D:1      | Lost mutation: You are partially covered in iridescent
                  | scales. (AC +2) [Xom's mischief]
   345 | D:1      | Reached skill level 1 in Stealth
   455 | D:1      | XOM: scenery: summon butterflies
   617 | D:1      | XOM: god gift: 965 gold pieces
   619 | D:1      | XOM: give mutations
   619 | D:1      | Gained mutation: You are strong-willed. (Will+) [Xom's
                  | mischief]
   619 | D:1      | Lost mutation: Your magical capacity is low. (-10% MP)
                  | [Xom's mischief]
   619 | D:1      | Gained mutation: You have hidden genetic potential. [Xom's
                  | mischief]
   619 | D:1      | Gained mutation: You have large cloven feet. [Xom's
                  | mischief]
   637 | D:2      | Reached XP level 3. HP: 19/20 MP: 2/4
  1383 | D:1      | XOM: cloud trail
  1456 | D:1      | XOM: god gift: sling {god gift}
  1660 | D:1      | XOM: scenery: 1 doors close
  2451 | D:1      | XOM: scenery: 1 doors open
  2643 | D:1      | XOM: give mutations
  2643 | D:1      | Lost mutation: You have hidden genetic potential. [Xom's
                  | mischief]
  2643 | D:1      | Gained mutation: You are somewhat resistant to further
                  | mutation. [Xom's mischief]
  2643 | D:1      | Gained mutation: You are dopey. (Int -2) [Xom's mischief]
  2643 | D:1      | Gained mutation: You are covered in fur. (AC +1) [Xom's
                  | mischief]
  2643 | D:1      | Gained mutation: Your flesh is heat resistant. (rF+) [Xom's
                  | mischief]
  2720 | D:1      | XOM: scenery: 1 doors close
  2811 | D:1      | XOM: scenery: 1 doors open
  2926 | D:1      | XOM: scenery: 1 doors close
  2938 | D:1      | XOM: give mutations
  2938 | D:1      | Gained mutation: Your flesh is cold resistant. (rC+) [Xom's
                  | grace]
  2938 | D:1      | Gained mutation: Your system is resistant to poisons.
                  | (rPois) [Xom's grace]
  2938 | D:1      | Gained mutation: You have an increased reservoir of magic.
                  | (+10% MP) [Xom's grace]
  3159 | D:2      | Found a runed translucent door.
  3160 | D:2      | Noticed Crazy Yiuf
  3553 | D:2      | Reached XP level 4. HP: 24/24 MP: 6/6
  3862 | D:3      | Noticed Grinder
  3862 | D:3      | XOM: 4-stop teleportation journey
  3887 | D:3      | XOM: swap monsters
  3892 | D:3      | XOM: smoke on damage
  3902 | D:3      | XOM: 6-stop teleportation journey
  3958 | D:3      | XOM: summons 1 hostile shadow creature
  3961 | D:3      | Killed Grinder
  3962 | D:3      | Reached skill level 3 in Stealth
  3962 | D:3      | Reached skill level 1 in Spellcasting
  3962 | D:3      | Reached XP level 5. HP: 9/28 MP: 2/9
  3962 | D:3      | Reached XP level 6. HP: 11/32 MP: 2/10
  4046 | D:3      | Found a runed translucent door.
  4046 | D:3      | Noticed soul19's ghost (amateur DsFi)
  4391 | D:4      | Found Lojaidwe's Antique Weapon Shoppe.
  4406 | D:4      | Bought a shimmering dagger for 168 gold pieces
  4406 | D:4      | Identified the +8 dagger of Analysis {flame, rF+ Stlth+}
                  | (You bought it in a shop on level 4 of the Dungeon)
  4426 | D:4      | Noticed an ice beast
  4426 | D:4      | XOM: swap monsters
  4428 | D:4      | XOM: confuse monster(s)
  4431 | D:4      | Killed an ice beast
  4432 | D:4      | Reached skill level 4 in Stealth
  4432 | D:4      | Reached XP level 7. HP: 37/37 MP: 10/12
  4523 | D:4      | Reached skill level 5 in Stealth
  4768 | D:4      | Noticed Menkaure
  4775 | D:4      | Killed Menkaure
  4776 | D:4      | Gained mutation: You have razor-sharp teeth. [Vine Stalker
                  | growth]
  4776 | D:4      | Reached XP level 8. HP: 42/42 MP: 14/14
  4797 | D:4      | Found Ogoc's Antique Armour Boutique.
  4816 | D:4      | Bought a shimmering cloak for 275 gold pieces
  4816 | D:4      | Identified the +2 cloak "Lotyxtou" {Slay+3} (You bought it
                  | in a shop on level 4 of the Dungeon)
  4964 | D:4      | XOM: summons 3 hostile shadow creatures
  5004 | D:5      | Entered Level 5 of the Dungeon
  5014 | D:5      | Noticed a yak
  5015 | D:5      | XOM: cleaving
  5024 | D:5      | XOM: scenery: summon butterflies
  5024 | D:5      | Noticed a troll
  5026 | D:5      | Killed a yak
  5027 | D:5      | Reached skill level 6 in Stealth
  5029 | D:5      | XOM: divination: magic mapping
  5033 | D:5      | Killed a troll
  5095 | D:5      | XOM: silly message
  5228 | D:5      | Found a sand-covered staircase.
  5235 | Ossuary  | Entered an ossuary
  5251 | Ossuary  | Reached skill level 7 in Stealth
  5353 | Ossuary  | XOM: potion effect (invisibility)
  5535 | D:5      | Found a white marble altar of Elyvilon.
  5608 | D:5      | Reached XP level 9. HP: 46/46 MP: 15/17
  6034 | D:5      | XOM: god gift: 28 gold pieces
  6037 | D:5      | Found a glowing golden altar of the Shining One.
  6046 | D:5      | Found a blossoming altar of Fedhas.
  6093 | D:5      | Reached skill level 5 in Fighting
  6125 | D:5      | Reached skill level 5 in Short Blades
  6161 | D:5      | XOM: summons 5 friendly demons
  6164 | D:5      | Reached skill level 8 in Stealth
  6235 | D:5      | XOM: summons 5 hostile demons
  6318 | D:5      | Found an ornate altar of the Wu Jian Council.
  6518 | D:6      | XOM: smoke on damage
  6519 | D:6      | XOM: noise
  6530 | D:6      | Identified the +0 robe of Reasonable Music {rPois Int+3
                  | Dex+3}
  6658 | D:6      | XOM: noise
  6768 | D:6      | Found a large runed translucent door.
  6768 | D:6      | Found a large runed translucent door.
  6772 | D:6      | Noticed Fodor's ghost (novice MiFi)
  6788 | D:6      | Identified the +9 whip of the Doomed Warrior {drain, Contam
                  | Will+++ rCorr Stlth+}
  6937 | D:6      | Reached skill level 9 in Stealth
  7368 | D:7      | Noticed Joseph
  7370 | D:7      | XOM: summons 5 friendly demons
  7406 | D:7      | Killed Joseph
  7407 | D:7      | Reached skill level 5 in Spellcasting
  7407 | D:7      | Reached XP level 10. HP: 30/53 MP: 13/20
  7453 | D:7      | Found a radiant altar of Vehumet.
  7462 | D:7      | Noticed Pikel
  7483 | D:7      | Killed Pikel
  7484 | D:7      | Reached skill level 10 in Stealth
  7631 | D:7      | Found a staircase to the Ecumenical Temple.
  7658 | D:7      | XOM: enchant monster (bad)
  7840 | D:7      | Found a runed translucent gate.
  7840 | D:7      | Found a runed translucent gate.
  7840 | D:7      | Found a runed translucent gate.
  7843 | D:7      | Noticed Stellion's ghost (novice DrSh)
  7963 | D:7      | Killed Stellion's ghost
  7964 | D:7      | Reached skill level 5 in Armour
  8031 | D:8      | XOM: stat loss: -1 Dex (17/18)
  8164 | D:8      | Noticed a kobold demonologist
  8171 | D:8      | Noticed a kobold demonologist
  8175 | D:8      | Noticed a sun demon
  8176 | D:8      | Killed a kobold demonologist
  8185 | D:8      | Killed a kobold demonologist
  8186 | D:8      | Reached skill level 5 in Dodging
  8422 | D:8      | Reached skill level 11 in Stealth
  8617 | D:8      | Reached XP level 11. HP: 39/58 MP: 22/22
  8800 | D:9      | Reached skill level 1 in Shapeshifting
  8844 | D:9      | XOM: polymorph orc wizard -> centaur
  8845 | D:9      | XOM: summons friendly iron imp
  9256 | D:9      | XOM: cast spell 'Summon Small Mammal'
  9371 | D:9      | Found a hazy altar of Hepliaklqana.
  9375 | D:9      | Found a hide-covered altar of Uskayaw.
  9431 | D:9      | Noticed Erica
  9437 | D:9      | XOM: potion effect (haste)
  9444 | D:9      | Killed Erica
  9459 | D:9      | XOM: cloud trail
  9507 | D:10     | Entered Level 10 of the Dungeon
  9612 | D:10     | Found a sparkling altar of Nemelex Xobeh.
  9678 | D:10     | Reached skill level 12 in Stealth
  9717 | D:10     | Found a bloodstained altar of Trog.
  9740 | D:10     | Found a staircase to the Orcish Mines.
  9811 | D:10     | XOM: noise
  9946 | D:10     | XOM: give mutations
  9946 | D:10     | Lost mutation: You have large cloven feet. [Xom's mischief]
  9946 | D:10     | Lost mutation: You are somewhat resistant to further
                  | mutation. [Xom's mischief]
  9946 | D:10     | Lost mutation: You are occasionally teleported next to
                  | monsters. [Xom's mischief]
  9946 | D:10     | Gained mutation: You are frail. (-10% HP) [Xom's mischief]
 10025 | D:10     | XOM: scenery: 1 doors open
 10273 | D:10     | XOM: stat loss: -1 Int (9/10)
 10666 | D:11     | Identified a scroll of acquirement
 10666 | D:11     | Acquired 1014 gold pieces
 10693 | D:11     | XOM: swap monsters
 10768 | D:11     | XOM: destruction
 10773 | D:11     | XOM: polymorph komodo dragon -> dream sheep
 10790 | D:11     | XOM: noise
 10848 | D:11     | Found a staircase to the Lair.
 10922 | D:11     | Found Gaigh's General Store.
 10966 | D:11     | Noticed a cyclops
 10997 | D:11     | Killed a cyclops
 10998 | D:11     | Reached XP level 12. HP: 44/56 MP: 22/25
 11239 | D:11     | XOM: god gift: 44 gold pieces
 11274 | D:11     | XOM: silly message
 11337 | Lair:1   | Entered Level 1 of the Lair of Beasts
 11460 | Lair:1   | XOM: divination: detect creatures
 11520 | Lair:1   | XOM: summons 2 friendly demons
 11524 | Lair:1   | XOM: divination: detect items
 11526 | Lair:1   | XOM: enchant monster (good)
 11543 | Lair:1   | Reached skill level 13 in Stealth
 11587 | Lair:1   | Reached skill level 1 in Evocations
 11677 | Lair:1   | XOM: 1-stop teleportation journey
 11693 | Lair:1   | XOM: silly message
 12331 | Lair:2   | XOM: summons friendly iron imp
 12377 | Lair:2   | XOM: 1-stop teleportation journey
 12403 | Lair:2   | XOM: god gift: 20 gold pieces
 12811 | Lair:2   | Found a staircase to the Snake Pit.
 12814 | Lair:2   | XOM: enchant monster (bad)
 12819 | Lair:2   | XOM: chaos upgrade
 12882 | Lair:2   | XOM: give mutations
 12882 | Lair:2   | Lost mutation: Your system is resistant to poisons. (rPois)
                  | [Xom's mischief]
 12882 | Lair:2   | Lost mutation: Your flesh is heat resistant. (rF+) [Xom's
                  | mischief]
 12882 | Lair:2   | Lost mutation: You are frail. (-10% HP) [Xom's mischief]
 12905 | Lair:2   | XOM: summons 5 hostile demons
 13124 | Lair:2   | XOM: draining
 13180 | Lair:3   | XOM: polymorph komodo dragon -> moth of wrath
 13273 | Lair:3   | Noticed Gastronok
 13283 | Lair:3   | Killed Gastronok
 13302 | Lair:3   | XOM: 2-stop teleportation journey
 13344 | Lair:3   | Found a staircase to the Shoals.
 13444 | Lair:3   | Reached skill level 14 in Stealth
 13474 | Lair:3   | Noticed a death yak
 13477 | Lair:3   | Noticed a five-headed hydra
 13489 | Lair:2   | Noticed a six-headed hydra
 13492 | Lair:2   | XOM: stat loss: -1 Str (14/15)
 13493 | Lair:2   | Reached XP level 13. HP: 47/68 MP: 16/27
 13501 | Lair:2   | XOM: noise
 13546 | Lair:3   | XOM: confuse monster(s)
 13724 | Lair:3   | XOM: blink monster(s)
 13729 | Lair:3   | XOM: enchant monster (good)
 13753 | Lair:3   | XOM: noise
 13761 | Lair:3   | XOM: smoke on damage
 13924 | Lair:3   | Noticed Sonja
 13926 | Lair:3   | Noticed Nessos
 13927 | Lair:3   | XOM: summons friendly quasit
 13934 | Lair:3   | HP: 2/68 [Nessos/arrow (3)]
 14271 | Lair:3   | Succumbed to Nessos's poison

Illustrated notes

Levels and vault maps discovered:
D:1:      minmay_arrival_arboretum_small, layout_basic, nrook_uturn
D:2:      layout_loops_ring, uniq_crazy_yiuf_cottage
D:3:      layout_rooms, ebering_ghost_reflecting_pool, uniq_grinder
D:4:      layout_rooms, serial_shops, nicolae_shop_just_a_little_nook, shop,
          kennysheep_boxes, uniq_menkaure
D:5:      cheibrodos_fertilizer, layout_loops_ring, marbit_many_paths,
          nicolae_elyvilon_peaceful_grove, mainiacjoe_overflow_swirl,
          serial_co_window_serial, co_window_paths_b, co_window_paths_a,
          co_window_corner_a, co_window_corner_a, co_window_corner_a,
          co_window_corner_a, co_window_paths_b, co_window_corner_b,
          co_window_corner_b, co_window_corner_b, glass_columns_a,
          glass_columns_b, glass_columns_a, glass_columns_c,
          chequers_ossuary_entry_cave, serial_bayou_pond_c,
          hangedman_decor_slide_cut, minmay_manual_mail
D:6:      layout_cave_pods, ebering_ghost_disaster_area
D:7:      layout_rooms, vehumet_statue, minmay_temple_entry_enclosed_plants,
          ebering_ghost_rock_garden, uniq_joseph, uniq_pikel
D:8:      layout_loops_corners
D:9:      layout_loops_ring, minitemple, serial_undead, serial_undead_b,
          serial_undead_f, serial_undead_e, serial_undead_e, uniq_erica
D:10:     layout_grid_maze, mainiacjoe_overflow_tiny_flanked,
          nicolae_overflow_hidden_temple
D:11:     layout_cave_pools, erik_lair_dragon, serial_shops, shop
Lair:1:   layout_regular_city, dreamdust_mushroom_princess,
          infiniplex_staircase_pool
Lair:2:   layout_regular_city, nicolae_snake_entry_squirm
Lair:3:   layout_cave_pods, minmay_shoals_entry_lonely_mermaid,
          serial_bayou_shore_a, grunt_megastairs_2, uniq_gastronok, uniq_nessos,
          uniq_sonja

Skill      XL: |  1  2  3  4  5  6  7  8  9 10 11 12 13 |
---------------+----------------------------------------+-----
Dodging        | 1 2 3 4 5 6 |  6.7
Stealth        | 1 3 4 5 7 9 11 12 14 | 14.3
Fighting       | 3 4 5 6 7 8 |  8.1
Short Blades   | 3 4 5 6 7 8 |  8.1
Armour         | 2 3 4 5 6 |  6.9
Spellcasting   | 1 2 3 5 6 7 |  7.8
Shapeshifting  | 2 4 |  4.5
Evocations     | 2 3 |  3.1

Action                     |  1- 3 |  4- 6 |  7- 9 | 10-12 | 13-15 || total
---------------------------+-------+-------+-------+-------+-------++-------
  Melee: Short sword       |    96 |    59 |       |       |       ||   155
         Bite              |    25 |    16 |    63 |   181 |    25 ||   310
         Kick              |    13 |    16 |    77 |    64 |       ||   170
         Dagger            |       |     3 |   262 |   557 |    70 ||   892
         Punch             |       |       |     6 |     6 |       ||    12
  Evoke: Wand              |       |       |       |       |     2 ||     2
    Use: Scroll            |       |     3 |     1 |    11 |     5 ||    20
         Potion            |       |       |       |       |     1 ||     1
   Stab: Sleeping          |     6 |     2 |    15 |    42 |     2 ||    67
         Distracted        |     1 |       |     2 |     1 |       ||     4
         Confused          |       |     1 |     1 |       |     1 ||     3
         Invisible         |       |       |     2 |       |       ||     2
 Armour: Leather armour    |    46 |    21 |    64 |       |       ||   131
         Troll leather arm |       |       |    78 |   280 |    72 ||   430
  Dodge: Dodged            |    63 |    21 |   188 |   323 |    53 ||   648
  Block: Buckler           |       |       |       |    67 |    14 ||    81

Table legend: (Time is in decaauts)
 A = Elapsed time spent in this place.
 B = Non-inter-level travel time spent in this place.
 C = Inter-level travel time spent in this place.
 D = Time resting spent in this place.
 E = Time spent auto-exploring this place.
 F = Levels seen in this place.
 G = Mean time per level.
                   A        B        C        D        E       F      G
               +--------+--------+--------+--------+--------+-----+--------+
         Total |  14024 |  13555 |    469 |   2489 |   8823 |  15 |  934.9 |
       Dungeon |  10964 |  10549 |    415 |   2439 |   6533 |  11 |  996.7 |
          Lair |   2874 |   2821 |     53 |     50 |   2203 |   3 |  958.0 |
       Ossuary |    185 |    185 |      0 |      0 |     87 |   1 |  185.0 |
               +--------+--------+--------+--------+--------+-----+--------+

Top non-repeatable levels by time:
     D:1: 3023 daAuts
     D:5: 1291 daAuts
    D:10: 1087 daAuts
  Lair:3: 1041 daAuts
  Lair:2: 955 daAuts
  Lair:1: 877 daAuts
     D:6: 809 daAuts
     D:8: 756 daAuts
     D:2: 714 daAuts
    D:11: 708 daAuts
     D:9: 698 daAuts
     D:4: 655 daAuts
     D:7: 643 daAuts
     D:3: 575 daAuts
 Ossuary: 185 daAuts
